[Event "*** SCC Grand Prix: Titled Tuesday Blitz"]
[Site "Chess.com"]
[Date "2020.10.06"]
[Round "1"]
[White "guillembaches"]
[Black "Supernotar"]
[Result "0-1"]
[WhiteElo "2416"]
[BlackElo "2804"]
[TimeControl "180+1"]
[EndTime "10:07:45 PDT"]
[Termination "Supernotar won on time"]

1. e4 c6 2. c4 d5 3. exd5 cxd5 4. cxd5 Nf6 5. Nc3 Nxd5 6. Nf3 Nc6 7. Bb5 e6 8. d4 Be7 9. O-O O-O 10. Re1 Nxc3 11. bxc3 Qc7 12. Bg5 Bd6 13. Bd3 b6 14. Qe2 Bb7 15. Qe4 g6 16. Qh4 Rfe8 17. Bf6 Bf8 18.
Ng5 h6 19. Ne4 Bg7 20. Bxg7 Kxg7 21. Qf6+ Kg8 22. Re3 Qe7 23. Qf4 Kg7 24. Rh3 Rh8 25. Re1 Rad8 26. Bb5 Rd5 27. Bxc6 Bxc6 28. Qe3 Rf5 29.
Ng3 Rg5 30. Ne4 Bxe4 31. Qxe4 Rf5 32. c4 Qf6 33. Re2 Rd8 34. Rd3 Rf4 35. Qb7 Rfxd4 36.
Rxd4 Qxd4 37. Re1 Rd7 38. Qa6 Qc3 39. Rf1 Rc7 40. h3 Qxc4 41. Qa3 Qd4 42. Qf3 Rc2 43. Qb7 Rxa2 44. Qe7 Rd2 45. h4 Rd1 46. Rxd1 Qxd1+ 47. Kh2 Qd4 48. Kg1 a5 49. g3 h5 0-1

[Event "*** SCC Grand Prix: Titled Tuesday Blitz"]
[Site "Chess.com"]
[Date "2020.10.06"]
[Round "1"]
[White "akashcheck"]
[Black "Sanyura"]
[Result "0-1"]
[WhiteElo "2220"]
[BlackElo "2552"]
[TimeControl "180+1"]
[EndTime "10:07:45 PDT"]
[Termination "Sanyura won by resignation"]

1. e4 c5 2. Nf3 e6 3. c4 Nc6 4.
Nc3 Nf6 5. a3 d5 6. exd5 exd5 7.
cxd5 Nxd5 8. Bc4 Nf4 9. O-O Be7 10. d4 cxd4 11. Bxf4 dxc3 12. Qxd8+ Nxd8 13. Bb5+ Nc6 14. bxc3 O-O 15. Nd4 Bd7 16. Nxc6 Bxc6 17. Bxc6 bxc6 18.
a4 Bf6 19. Rab1 Rfd8 20. g3 h5 21. Rb7 Rd3 22. Rc1 a5 23. Rc7 Ra6 24. Rb1 Rxc3 25.
Rb8+ Kh7 26. Rxf7 c5 27. Rbb7 Rc2 28. h4 Re6 29. Bg5 Bd4 30. Rf3 Re1+ 31. Kg2 Ree2 32.
Rbf7 Ra2 33. R7f5 c4 34. Be3 Bxe3 35. Rxe3 Rxe3 36. Rxh5+ Kg8 37. Rxa5 Ree2 38. Rf5 c3 39. a5 Rxf2+ 40. Rxf2 Rxf2+ 41. Kxf2 c2 42. a6 c1=Q 43. a7 Qa3 44. a8=Q+ Qxa8 45. Ke3 Qa3+ 0-1

[Event "*** SCC Grand Prix: Titled Tuesday Blitz"]
[Site "Chess.com"]
[Date "2020.10.06"]
[Round "1"]
[White "dretch"]
[Black "Semetey"]
[Result "0-1"]
[WhiteElo "2857"]
[BlackElo "2468"]
[TimeControl "180+1"]
[EndTime "10:07:47 PDT"]
[Termination "Semetey won by checkmate"]

1. d4 Nf6 2. c4 g6 3. Nc3 d5 4. e3 Bg7 5. Qb3 c6 6. cxd5 cxd5 7. Nf3 O-O 8. Be2 Nc6 9. O-O e6 10. Bd2 a6 11. Rfc1 Na5 12. Qa3 Nc4 13. Bxc4 dxc4 14. Ne5 b5 15. Nxb5 Bb7 16. Nd6 Bd5 17. Nexc4 Ne4 18.
Nxe4 Bxe4 19. Bb4 Qg5 20. g3 Rfc8 21. Nd6 Rxc1+ 22. Rxc1 Bd5 23. Qc3 Bf8 24. e4 Bxd6 25. Bxd6 Bxe4 26. d5 Bxd5 27. Be5 Bxa2 28. Qc8+ Qd8 29.
Qc3 Bd5 30. Bf6 Qf8 31. Qe3 h5 32. h4 Kh7 33. Kh2 Rc8 34. Rxc8 Qxc8 35. Bc3 Qf8 36. Qe5 Bb7 37. Qf6 Bd5 38. Be5 Bb7 39. f3 Bd5 40.
Kh3 Bb7 41. g4 hxg4+ 42. fxg4 Bc6 43. Kg3 Be8 44. Kh3 Bc6 45. Kg3 Bd5 46. Kf2 Bc6 47. Kg1 Be8 48. Kh2 Bc6 49. h5 Be4 50. hxg6+ Bxg6 51. Kg3 Be4 52. Kf4 Bg6 53. Kg5 Qh6# 0-1

[Event "*** SCC Grand Prix: Titled Tuesday Blitz"]
[Site "Chess.com"]
[Date "2020.10.06"]
[Round "1"]
[White "GregShahade"]
[Black "VinzentSpitzl"]
[Result "1-0"]
[WhiteElo "2639"]
[BlackElo "2322"]
[TimeControl "180+1"]
[EndTime "10:07:47 PDT"]
[Termination "GregShahade won by resignation"]

1. e4 c5 2. Nf3 d6 3. d4 cxd4 4.
Nxd4 Nf6 5. Nc3 a6 6. Be3 e5 7.
Nb3 Be6 8. f3 h5 9. Nd5 Bxd5 10.
exd5 Nbd7 11. Qd2 Qc7 12. O-O-O a5 13. a4 g6 14. Bb5 Bg7 15. Kb1 O-O 16. h3 Nb6 17. g4 Nfxd5 18. Bxb6 Nxb6 19. Qxd6 Qxd6 20. Rxd6 Nc8 21. Rd7 hxg4 22. hxg4 b6 23. Rhd1 Ra7 24. Bc4 Bf6 25. Rxa7 Nxa7 26. Rd6 Bd8 27. Rxg6+ Kh7 28. Rd6 Nc8 29. Rd7 Kg6 30. Nd2 f5 31. Bd3 e4 32.
gxf5+ Kxf5 33. Bxe4+ Kf4 34. Nc4 Be7 35. Nxb6 Nxb6 36.
Rxe7 Nxa4 37. Ra7 Rb8 38. b3 Nc3+ 39. Kb2 Nxe4 40. fxe4 Rb5 41. Re7 a4 42. Ka3 axb3 43. cxb3 Ke3 44. e5 Kd4 45. e6 Kd5 46. Re8 Kd6 47.
Ka4 Re5 48. b4 Re1 49. Kb5 Ra1 50. Kb6 Rb1 51. b5 Rc1 52. Ka6 Ra1+ 53. Kb7 Rb1 54. b6 Ra1 55. Kb8 Rb1 56. b7 Ra1 57. e7 Kd7 58.
Rd8+ Kxe7 59. Rd4 Rc1 60. Ka7 1-0

[Event "*** SCC Grand Prix: Titled Tuesday Blitz"]
[Site "Chess.com"]
[Date "2020.10.06"]
[Round "1"]
[White "Legendinunknown"]
[Black "elamier"]
[Result "0-1"]
[WhiteElo "2634"]
[BlackElo "2342"]
[TimeControl "180+1"]
[EndTime "10:07:48 PDT"]
[Termination "elamier won by resignation"]

1. d4 d5 2. c4 c6 3. Nf3 Nf6 4. Nc3 dxc4 5. a4 e5 6. Nxe5 Bb4 7.
e3 Be6 8. Bd2 O-O 9. Bxc4 Bxc4 10. Nxc4 Bxc3 11. Bxc3 Qd5 12. Qe2 Qxg2 13. O-O-O Ne4 14.
Rhg1 Nxc3 15. bxc3 Qd5 16. e4 Qd8 17. Rg3 Nd7 18.
Rdg1 g6 19. Qe3 b5 20. Nd2 Qe7 21. Qh6 bxa4 22. e5 Rab8 23. Rh3 f5 24. Rxg6+ Kh8 25. Re6 Qf7 26. Nf3 Rg8 27. Qh4 Rg7 28. Rh6 Nf8 29.
e6 Qb7 30. Nd2 a3 31. e7 Qxe7 32. Qxe7 Rxe7 33. Rxc6 a2 34. Ra6 Re1+ 35. Kc2 a1=Q 36. Rxa1 Rxa1 37. Rh5 Ra2+ 38. Kd3 Ra5 39. Nc4 Rd5 40. Ne5 Kg7 41. Rxf5 Ng6 42. f4 Rf8 43. Ke4 Rxf5 44. Kxf5 Nxe5 45. fxe5 a5 46. Ke4 Rd8 47. d5 a4 48. e6 Kf6 0-1

[Event "*** SCC Grand Prix: Titled Tuesday Blitz"]
[Site "Chess.com"]
[Date "2020.10.06"]
[Round "1"]
[White "Orest_Vovk"]
[Black "Denis_Makhnyov"]
[Result "0-1"]
[WhiteElo "2464"]
[BlackElo "2946"]
[TimeControl "180+1"]
[EndTime "10:07:49 PDT"]
[Termination "Denis_Makhnyov won by checkmate"]

1. h4 e5 2. h5 d5 3. h6 g6 4. d4 Nc6 5. dxe5 Nxe5 6. Nf3 Nxf3+ 7. exf3 c6 8. Qd4 Qf6 9. Be3 Be6 10. Nc3 Bd6 11.
O-O-O Qxd4 12. Bxd4 f6 13. Re1 Kf7 14. g3 Ne7 15. g4 Rhe8 16. Bd3 b5 17. Be3 a6 18. Ne2 c5 19. c3 Rad8 20. Bc2 Nc6 21. g5 fxg5 22. Bxg5 Rd7 23. Nf4 Bxf4+ 24. Bxf4 d4 25. Be4 Bd5 26. Bxd5+ Rxd5 27. Rxe8 Kxe8 28. Re1+ Kf7 29. Bd2 Ne5 30. Re4 Nxf3 31. cxd4 Nxd2 32. Kxd2 Rxd4+ 33. Rxd4 cxd4 34. Kd3 g5 35. Kxd4 Kg6 36.
Kc5 Kxh6 37. Kb6 Kg6 38. Kxa6 h5 39. Kxb5 h4 40. a4 h3 41. a5 h2 42. a6 h1=Q 43.
b4 Kf6 44. Kb6 Ke7 45. Kc7 Qc1+ 46. Kb7 Kd7 47. b5 Qc8+ 48. Ka7 Qc7+ 49. Ka8 Kc8 50. b6 Qb8# 0-1

[Event "*** SCC Grand Prix: Titled Tuesday Blitz"]
[Site "Chess.com"]
[Date "2020.10.06"]
[Round "1"]
[White "DraG0s3L"]
[Black "Grandelicious"]
[Result "0-1"]
[WhiteElo "2419"]
[BlackElo "2811"]
[TimeControl "180+1"]
[EndTime "10:07:49 PDT"]
[Termination "Grandelicious won by resignation"]

1. d4 Nf6 2. c4 e6 3. Nc3 Bb4 4.
e3 O-O 5. Bd3 b6 6. Ne2 d5 7. cxd5 exd5 8. O-O Bb7 9. Ng3 Re8 10.
a3 Bf8 11. b4 c6 12. Bb2 a5 13.
Qb3 Nbd7 14. Rfc1 b5 15. Nce2 Nb6 16. Bc3 Nc4 17. a4 axb4 18. Bxb4 bxa4 19. Rxa4 Rxa4 20. Qxa4 Nb2 21. Qb3 Nxd3 22. Qxd3 Bxb4 23. Rb1 Qa5 24. Qb3 c5 25. dxc5 Bxc5 26. Qxb7 h5 27. Qb5 Qa7 28. Nf5 g6 29. Qb2 Re6 30. Nfd4 Ra6 31. Qb8+ Qxb8 32. Rxb8+ Kg7 33. g3 Ne4 34. Kg2 Ra2 35.
Kf3 Bxd4 36. exd4 Ng5+ 37. Ke3 Ra3+ 38. Kf4 Ne6+ 39. Ke5 Ra2 40. Nf4 Nxf4 41. gxf4 Rxf2 42. Kxd5 Rxh2 43. Ke4 Re2+ 44. Kf3 Rd2 45. Ke3 Rd1 46. Rb5 h4 47. d5 h3 48. Rb2 Rxd5 49. Rh2 Rh5 50. Kf3 Kf6 51. Kg4 Rh8 52. Rxh3 Rxh3 53. Kxh3 Kf5 54. Kg3 Ke4 55. Kg4 f6 56. Kg3 f5 57.
Kg2 Kxf4 0-1

[Event "*** SCC Grand Prix: Titled Tuesday Blitz"]
[Site "Chess.com"]
[Date "2020.10.06"]
[Round "1"]
[White "Pultis"]
[Black "PowerThinking2650"]
[Result "1-0"]
[WhiteElo "2737"]
[BlackElo "2382"]
[TimeControl "180+1"]
[EndTime "10:07:50 PDT"]
[Termination "Pultis won on time"]

1. d4 Nf6 2. c4 g6 3. Nc3 Bg7 4. e4 d6 5. Nf3 O-O 6. h3 e5 7. d5 a5 8. Be3 Na6 9. Nd2 Nd7 10.
g4 Bf6 11. Nf3 Ndc5 12. Rg1 c6 13. h4 Bg7 14. h5 a4 15. Qd2 cxd5 16. cxd5 Qa5 17.
Be2 Bd7 18. Bh6 a3 19. Bxg7 axb2 20. Qxb2 Kxg7 21. Kf1 b5 22. Nd2 b4 23. Nd1 Bb5 24. Ne3 Bxe2+ 25. Kxe2 Na4 26. Qc1 Rac8 27. Qf1 Nc3+ 28.
Kf3 Nc5 29. g5 f6 30. hxg6 fxg5+ 31. Kg2 N3xe4 32. Nxe4 Nxe4 33. Qd3 Rxf2+ 34. Kh1 Rf4 35. Qe2 Rc3 36. Kg2 Rf2+ 37. Qxf2 Nxf2 38. Kxf2 Qc5 39. Rae1 Qd4 40. Kf3 Qe4+ 41. Kxe4 b3 42. Nf5+ Kxg6 43. Nxd6 bxa2 44. Ra1 Rc6 45. Kxe5 Rxd6 46. Kxd6 1-0

[Event "*** SCC Grand Prix: Titled Tuesday Blitz"]
[Site "Chess.com"]
[Date "2020.10.06"]
[Round "1"]
[White "Korchmar_Vasiliy"]
[Black "SophieNikoladze"]
[Result "1-0"]
[WhiteElo "2582"]
[BlackElo "2280"]
[TimeControl "180+1"]
[EndTime "10:07:50 PDT"]
[Termination "Korchmar_Vasiliy won by resignation"]

1. d4 b5 2. e4 Bb7 3. Bd3 e6 4. Nf3 c5 5. c3 a6 6. O-O Nf6 7. Nbd2 d6 8. a4 c4 9. Bc2 Nbd7 10.
Re1 e5 11. Nf1 Be7 12. Ng3 O-O 13. Nf5 Re8 14. Bg5 h6 15. Bh4 Bf8 16. Qd2 Qc7 17. h3 Kh7 18. Rad1 g6 19. dxe5 dxe5 20. Nd6 Re6 21. Nxf7 Rae8 22. axb5 axb5 23. Bg3 R8e7 24.
Nd6 Nh5 25. Bh2 Bc6 26. b3 Nb6 27. bxc4 bxc4 28. g4 Ng7 29. Nf5 gxf5 30. exf5 Bxf3 31. fxe6+ Kg8 32. Qxh6 Rxe6 33. Qh7+ Kf7 34. Rb1 Bc5 35. Bg3 Nd5 36. Bf5 Nxc3 37. Bxe6+ Kxe6 38. Rxe5+ Qxe5 39. Bxe5 Nxb1 40. Bxg7 Nd2 41. Qh6+ Kd7 42. Qxd2+ Kc6 43. Qc3 Bd5 44. Bd4 Bd6 45. g5 Kb5 46. h4 Bb4 47.
Qc2 Bc6 48. Bc3 Bxc3 49. Qxc3 Bd5 50. g6 Kc6 51. h5 Kc5 52. h6 1-0

[Event "*** SCC Grand Prix: Titled Tuesday Blitz"]
[Site "Chess.com"]
[Date "2020.10.06"]
[Round "1"]
[White "GHANDEEVAM2003"]
[Black "Susal_De_Silva"]
[Result "0-1"]
[WhiteElo "2954"]
[BlackElo "2483"]
[TimeControl "180+1"]
[EndTime "10:07:51 PDT"]
[Termination "Susal_De_Silva won by resignation"]

1. b3 e5 2. Bb2 Nc6 3. e3 Nf6 4. Bb5 Bd6 5. Ne2 e4 6. O-O Bxh2+ 7. Kxh2 Ng4+ 8. Kg3 Qg5 9. f4 exf3 10. Kxf3 Nh2+ 11. Kf2 Ng4+ 12. Ke1 Qxb5 13. Nf4 Nf6 14. Qf3 Qg5 15. Na3 Ne5 16. Qe2 d6 17. Nb5 Qg3+ 18. Qf2 Qxf2+ 19.
Kxf2 Kd8 20. Rh1 a6 21. Nc3 h6 22. Raf1 Bd7 23. Ncd5 Nxd5 24. Nxd5 Bc6 25. Nb4 f6 26. Nxc6+ Nxc6 27. Rh3 Kd7 28. Kg1 Rae8 29. Rf4 Re6 30. Rg4 Re7 31. Rhg3 Rh7 32. Kf2 Ne5 33. Rb4 b6 34. a4 a5 35. Rh4 g5 36. Rh1 h5 37.
Rgh3 h4 38. Ke2 Ref7 39. g3 Ng6 40. Bc3 g4 41. R3h2 h3 42. Rf1 f5 43. Kf2 Ne5 44. Rhh1 Ke6 45. Ke2 Nf3 46. Rf2 Rh5 47. Rff1 Rfh7 48.
Rf2 h2 49. Rg2 Rh3 50. Kf2 Ng5 51. d3 Nf3 52. Kf1 c5 53. Be1 d5 54. Re2 Kd6 55. Kg2 Re7 56. Bf2 d4 57. Rd1 Rh6 58. e4 fxe4 59. dxe4 h1=Q+ 60. Rxh1 Rxh1 61. Kxh1 Rh7+ 62. Kg2 Rh2+ 63. Kf1 Rh1+ 64. Kg2 Rh2+ 65. Kf1 Ke5 66. c3 d3 67. Re3 d2 68. Rd3 Rh1+ 69. Ke2 Kxe4 70. Re3+ Kf5 71. Rd3 Re1+ 0-1

[Event "*** SCC Grand Prix: Titled Tuesday Blitz"]
[Site "Chess.com"]
[Date "2020.10.06"]
[Round "1"]
[White "nurgyulsalimova"]
[Black "Sueetin"]
[Result "1-0"]
[WhiteElo "2599"]
[BlackElo "2288"]
[TimeControl "180+1"]
[EndTime "10:07:51 PDT"]
[Termination "nurgyulsalimova won by resignation"]

1. e4 e6 2. d4 d5 3. Nc3 Nf6 4. Bg5 dxe4 5. Nxe4 Be7 6. Bxf6 gxf6 7. Nf3 f5 8. Nc3 Bf6 9. g3 Nc6 10. Ne2 b6 11.
Bg2 Bb7 12. O-O O-O 13. c3 Ne7 14. Qd2 Ng6 15. Rad1 Be4 16. h4 Qd5 17. Ne1 Bxg2 18. Nxg2 Qxa2 19. h5 Ne7 20. Nef4 a5 21. Qe2 Qb3 22. d5 e5 23. d6 cxd6 24. Rxd6 Bg7 25. h6 Bh8 26. Nh5 Rad8 27. Nf6+ Bxf6 28. Rxf6 Qd5 29.
Qh5 Rd6 30. Qg5+ Ng6 31. Ne3 Qd2 32. Rd1 Qxd1+ 33. Nxd1 Rxd1+ 34. Kg2 Rd7 35. Qxf5 Rfd8 36. Rxb6 a4 37. Qf6 Kf8 38. Qg7+ Ke7 39. Qxh7 Rh8 40.
Qg7 Rhd8 41. Rxg6 Rf8 42. Qxe5+ Kd8 43. Ra6 Rc7 44. h7 Kd7 45. h8=Q Rxh8 46. Qxh8 Ke7 47. Qf6+ Kd7 48. Qd6+ Kc8 49. Qxc7+ Kxc7 50. Rxa4 Kd7 51. Rf4 Ke7 52. Rxf7+ Kxf7 53. b4 Ke6 54. b5 Kd7 55. b6 Ke6 56. g4 Kd7 57. g5 Kc6 58. g6 Kxb6 59. g7 Kc7 60. g8=Q Kd7 61. Qf7+ Kd6 62.
Qe8 Kc7 63. f4 Kd6 64. f5 Kc5 65. f6 1-0

[Event "*** SCC Grand Prix: Titled Tuesday Blitz"]
[Site "Chess.com"]
[Date "2020.10.06"]
[Round "1"]
[White "Rogarcia1"]
[Black "Unkreativ3"]
[Result "0-1"]
[WhiteElo "2127"]
[BlackElo "2511"]
[TimeControl "180+1"]
[EndTime "10:07:51 PDT"]
[Termination "Unkreativ3 won by resignation"]

1. e4 c5 2. Nf3 Nc6 3. d4 cxd4 4. Nxd4 g6 5. c4 Bg7 6. Be3 Nf6 7. Nc3 O-O 8. Be2 d6 9. O-O Nxd4 10. Bxd4 a5 11.
Rc1 Bd7 12. f3 Bc6 13. Qd2 Nd7 14. Kh1 Nc5 15. Rfd1 Bxd4 16. Qxd4 Qb6 17. Nd5 Bxd5 18. exd5 Rfc8 19. f4 Rc7 20. h4 Nd7 21. h5 Qxd4 22.
Rxd4 Kg7 23. Kg1 b5 24. b3 a4 25. Re1 axb3 26. axb3 bxc4 27. Bxc4 Nf6 28. hxg6 hxg6 29. Rd2 Ra5 30. Kf2 Kf8 31. Kf3 Nd7 32. g4 Ra3 33. Re3 Nb6 34. Bb5 Ra5 35. Bc6 e6 36. b4 Ra1 37. b5 Nc4 38. b6 Nxd2+ 39. Ke2 Rc8 40. Kxd2 exd5 41. b7 Rb8 42. Bxd5 Ra4 43. Kd3 Rxf4 44.
Bc6 Rxg4 45. Kc3 Rg1 46. Re2 Rc1+ 47. Rc2 Rxc2+ 48. Kxc2 Ke7 49. Kd3 Kd8 50. Ke4 Kc7 51.
Bd5 f6 0-1

[Event "*** SCC Grand Prix: Titled Tuesday Blitz"]
[Site "Chess.com"]
[Date "2020.10.06"]
[Round "1"]
[White "ChessSkool"]
[Black "maxip32"]
[Result "1-0"]
[WhiteElo "2703"]
[BlackElo "2365"]
[TimeControl "180+1"]
[EndTime "10:07:54 PDT"]
[Termination "ChessSkool won on time"]

1. c4 g6 2. g3 Bg7 3. Bg2 Nf6 4.
Nc3 O-O 5. e3 d6 6. Nge2 e5 7.
O-O a5 8. a3 c6 9. d4 Nbd7 10.
Rb1 exd4 11. Nxd4 Re8 12. b3 Nc5 13. h3 Bd7 14. Bb2 Qb6 15. Ba1 Rad8 16. b4 axb4 17. axb4 Nce4 18. Nxe4 Nxe4 19. Qc2 Ng5 20. Kh2 Ne6 21.
Nxe6 Bxe6 22. Bxg7 Kxg7 23. Qc3+ Kg8 24. Rfd1 Qa6 25.
b5 Qa8 26. Rb2 Qc8 27. Qb4 d5 28. cxd5 Bxd5 29. Bxd5 cxd5 30. Rbd2 Qf5 31. Qf4 Qd7 32. Qb4 Qf5 33. b6 Re4 34. Qc5 h5 35. Kg2 Re5 36. Qc7 Rd7 37. Qc2 Qe6 38. Qc8+ Kg7 39.
Rb1 h4 40. g4 Re4 41. Qc3+ Kg8 42. Rbd1 Rxg4+ 43. hxg4 Qxg4+ 44. Kh2 h3 45. Rg1 Qf3 46.
Rg3 Qf5 47. Rxh3 d4 48. exd4 Qf4+ 49. Kg2 Rd5 50. Qc8+ 1-0

[Event "*** SCC Grand Prix: Titled Tuesday Blitz"]
[Site "Chess.com"]
[Date "2020.10.06"]
[Round "1"]
[White "Igor_Bitensky"]
[Black "Koksik_13"]
[Result "0-1"]
[WhiteElo "2350"]
[BlackElo "2675"]
[TimeControl "180+1"]
[EndTime "10:07:54 PDT"]
[Termination "Koksik_13 won by resignation"]

1. Nf3 e6 2. g3 Nf6 3. Bg2 Be7 4. O-O O-O 5. d3 d5 6. Nbd2 b6 7. e4 Bb7 8. e5 Nfd7 9. Re1 c5 10. Nf1 Nc6 11. h4 Re8 12. h5 f6 13. exf6 Bxf6 14.
N1h2 h6 15. Ng4 Qe7 16. Bf4 Qf7 17. Bxh6 Qxh5 18. Nxf6+ Nxf6 19. Bg5 e5 20. c4 Nd4 21.
Nxd4 Qxd1 22. Raxd1 cxd4 23. Bxf6 gxf6 24. Bxd5+ Bxd5 25.
cxd5 Rad8 26. Rc1 Re7 27. Rc6 Kf7 28. d6 Red7 29. f4 Ke6 30. fxe5 fxe5 31. Kg2 Rxd6 32. Rxd6+ Rxd6 33. Rc1 Kd5 34. Rc7 e4 35. dxe4+ Kxe4 36. Kf2 d3 37. Ke1 Rh6 38. Re7+ Kd4 39. Rd7+ Kc4 40.
Rc7+ Kb4 41. Kd2 a5 42. Kxd3 Rg6 43. Rc4+ Kb5 44. g4 Rh6 45. a4+ Ka6 46. Re4 Rh2 47.
b3 Rh3+ 48. Re3 Rh8 49. Rg3 b5 50. g5 b4 51. g6 Rc8 52. g7 Rc3+ 0-1

[Event "*** SCC Grand Prix: Titled Tuesday Blitz"]
[Site "Chess.com"]
[Date "2020.10.06"]
[Round "1"]
[White "Lion-Al-Messi"]
[Black "chesslh19"]
[Result "1/2-1/2"]
[WhiteElo "2533"]
[BlackElo "2219"]
[TimeControl "180+1"]
[EndTime "10:07:54 PDT"]
[Termination "Game drawn by repetition"]

1. e4 e5 2. Nf3 Nf6 3. Nxe5 d6 4. Nf3 Nxe4 5. d4 d5 6. Bd3 Be7 7. O-O Nc6 8. c4 Nb4 9. Be2 Bf5 10. Nc3 O-O 11. Bf4 Rc8 12. a3 Nxc3 13. bxc3 Nc6 14.
cxd5 Qxd5 15. c4 Qe4 16. Bg3 Bf6 17. Re1 Nxd4 18. Nxd4 Qxd4 19. Qb3 Qxa1 20. Rxa1 Bxa1 21. h4 Bf6 22. Qxb7 Rfe8 23. Bf3 h6 24. Qxa7 Be4 25. Bxe4 Rxe4 26. Qb7 Re1+ 27. Kh2 Rce8 28. Qc6 R8e6 29. Qa8+ Kh7 30. f3 Ra1 31. a4 Re2 32. Bxc7 Bxh4 33.
Bg3 Bf6 34. c5 Rea2 35. c6 Rxa4 36. Qb7 Rc4 37. c7 Rac1 38. Bd6 g6 39. Kg3 h5 40.
Qd5 h4+ 41. Kf2 R4c2+ 42. Ke3 Rc3+ 43. Ke4 Rc4+ 44. Ke3 R4c3+ 45. Ke2 R3c2+ 46. Ke3 Rc3+ 1/2-1/2

[Event "*** SCC Grand Prix: Titled Tuesday Blitz"]
[Site "Chess.com"]
[Date "2020.10.06"]
[Round "1"]
[White "GigaQuparadze"]
[Black "chenxiaoyuer"]
[Result "1-0"]
[WhiteElo "3017"]
[BlackElo "2472"]
[TimeControl "180+1"]
[EndTime "10:07:55 PDT"]
[Termination "GigaQuparadze won by resignation"]

1. e4 c5 2. Nf3 d6 3. d4 cxd4 4. Nxd4 Nf6 5. Nc3 Nc6 6. Be2 g6 7. Nb3 Bg7 8. O-O O-O 9. Kh1 Be6 10. Bg5 Rc8 11. f4 a6 12. Bf3 b5 13. Nd5 Nd7 14. c3 f6 15. Bh4 Bf7 16. a4 e6 17.
axb5 axb5 18. Ne3 g5 19. Bg3 gxf4 20. Bxf4 Nde5 21. Be2 b4 22. c4 Qe7 23. Qd2 Ra8 24.
Rad1 Rfd8 25. Nd4 Nxd4 26. Qxd4 Qc7 27. Qd2 Qc5 28. b3 Ra3 29. Rb1 Nc6 30. Nc2 Ra2 31. Be3 Qe5 32. Bd3 Qc3 33. Rfc1 Qxd2 34. Bxd2 Rb8 35.
Ra1 Rb2 36. Rab1 Rxb1 37. Rxb1 Bg6 38. Re1 Ne5 39. Bf1 Nc6 40. h3 h5 41. Bf4 e5 42.
Bd2 Kf7 43. Bd3 Ke6 44. Ra1 Rb7 45. Ra6 Kd7 46. Be3 Kc7 47. Kh2 Bf8 48. Ra8 Be7 49. Ra6 Bf7 50. Be2 Nb8 51. Ra4 Nc6 52. Bd2 Be8 53.
Ra8 Bd7 54. Bxh5 Rb8 55. Rxb8 Kxb8 56. Nxb4 Nd4 57. Bd1 Be6 58. Nd5 Bxd5 59. cxd5 Bd8 60. g4 Bb6 61. h4 Kc7 62. h5 Kd7 63. h6 Ke7 64. h7 Kf7 1-0

[Event "*** SCC Grand Prix: Titled Tuesday Blitz"]
[Site "Chess.com"]
[Date "2020.10.06"]
[Round "1"]
[White "Xeniya2005"]
[Black "Kezin_Roman"]
[Result "1-0"]
[WhiteElo "2391"]
[BlackElo "2703"]
[TimeControl "180+1"]
[EndTime "10:07:56 PDT"]
[Termination "Xeniya2005 won by checkmate"]

1. e4 c5 2. Be2 Nc6 3. f4 d5 4. d3 g6 5. Nf3 Bg7 6. e5 Nh6 7. O-O f6 8. exf6 exf6 9. Be3 d4 10. Bd2 O-O 11. Na3 Nf5 12. Qe1 Re8 13. Qf2 Be6 14.
Rfe1 Qd7 15. c3 Rad8 16. Kh1 Bf7 17. Nc2 Re7 18. c4 Rde8 19. Bf1 h5 20. g3 b6 21. Bg2 Qc7 22. b4 cxb4 23. Nxb4 Nxb4 24. Bxb4 Rxe1+ 25. Rxe1 Ne3 26. Nxd4 Nxg2 27. Rxe8+ Bxe8 28. Qxg2 f5 29.
Nf3 Bc6 30. Kg1 Qb7 31. Kf2 Bd4+ 32. Ke2 a5 33. Bd6 Qd7 34. Be5 Bc5 35. Qf1 b5 36. d4 Ba7 37. c5 b4 38. Ke3 Qd5 39. Ng5 Qxa2 40. Qa6 Qb3+ 41. Ke2 Qc2+ 42. Ke3 Qc3+ 43. Ke2 Qc2+ 44. Ke3 Qc1+ 45. Ke2 Bd7 46. Qxg6+ Kf8 47.
Qf7# 1-0

[Event "*** SCC Grand Prix: Titled Tuesday Blitz"]
[Site "Chess.com"]
[Date "2020.10.06"]
[Round "1"]
[White "Margarita2907"]
[Black "IMJonathanCarlstedt"]
[Result "0-1"]
[WhiteElo "2206"]
[BlackElo "2539"]
[TimeControl "180+1"]
[EndTime "10:07:56 PDT"]
[Termination "IMJonathanCarlstedt won by resignation"]

1. e4 g6 2. Nf3 Bg7 3. d4 d6 4. Bd3 a6 5. O-O Bg4 6. c3 Nc6 7. h3 Bxf3 8. Qxf3 e5 9. d5 Nce7 10. Nd2 Qd7 11. a4 f5 12. exf5 gxf5 13. Qh5+ Kf8 14.
Nc4 Nf6 15. Qe2 Nfxd5 16. Bg5 Ng6 17. Qf3 Ndf4 18. Bxf4 Nxf4 19. Bc2 Rb8 20. Ne3 Qc6 21. Qd1 Rg8 22. Kh2 Bf6 23. Rg1 Rg6 24. Bxf5 Rh6 25. g3 Bg5 26. gxf4 Bxf4+ 27. Rg3 Rf6 28. Qg4 Ke7 29. Qg7+ Rf7 30. Qg4 Rbf8 31. Bd3 Bxg3+ 32.
Qxg3 Rxf2+ 33. Kg1 Qf3 34. Qxf3 R2xf3 35. Nf5+ R8xf5 36. Bxf5 Rxf5 37. Kg2 Ke6 38. Re1 d5 39. Kg3 e4 40. Kg4 Rf8 41. Kg5 Ke5 42. Kh6 Rf7 43.
Rg1 e3 44. h4 Ke4 45. h5 e2 46. Re1 Ke3 47. Kg5 Kd2 48. Rh1 e1=Q 49. Rxe1 Kxe1 50.
h6 Kd2 0-1

[Event "*** SCC Grand Prix: Titled Tuesday Blitz"]
[Site "Chess.com"]
[Date "2020.10.06"]
[Round "1"]
[White "SamuelGhimpu2003"]
[Black "maxsergej"]
[Result "1-0"]
[WhiteElo "2504"]
[BlackElo "2104"]
[TimeControl "180+1"]
[EndTime "10:07:56 PDT"]
[Termination "SamuelGhimpu2003 won on time"]

1. d4 Nf6 2. c4 e6 3. Nc3 Bb4 4. Qc2 d5 5. cxd5 Qxd5 6. Nf3 Qf5 7. Qxf5 exf5 8. a3 Be7 9. Bf4 c6 10. e3 Be6 11. h3 Nbd7 12. Bd3 g6 13. O-O Nd5 14. Bh2 O-O 15. Rfc1 Rfe8 16. Na4 N5b6 17. Nc5 Nxc5 18. dxc5 Nd5 19. b4 a6 20. Nd4 Bd7 21.
Rab1 Bf6 22. Nb3 Nc3 23. Rb2 Nb5 24. Ra2 Nc3 25. Rd2 Be6 26. Na5 Bc8 27. Bc4 Ne4 28. Rd3 Bd8 29. Nb3 Be6 30. Bxe6 fxe6 31. f3 Nf6 32. Be5 Nd5 33. e4 Bf6 34. Bg3 fxe4 35. fxe4 Ne7 36. Rd7 Rad8 37. Rcd1 Rxd7 38. Rxd7 Kf7 39. Rxb7 Rd8 40. Bd6 Ke8 41. e5 Bh4 42.
Nd4 Nd5 43. Nxe6 Rd7 44. Ng7+ Rxg7 45. Rxg7 1-0

[Event "*** SCC Grand Prix: Titled Tuesday Blitz"]
[Site "Chess.com"]
[Date "2020.10.06"]
[Round "1"]
[White "ram1zan"]
[Black "keepitcoming"]
[Result "0-1"]
[WhiteElo "2874"]
[BlackElo "2467"]
[TimeControl "180+1"]
[EndTime "10:07:57 PDT"]
[Termination "keepitcoming won by resignation"]

1. e4 c6 2. d4 d5 3. e5 Bf5 4. h4 h5 5. Bd3 Bxd3 6. Qxd3 Qa5+ 7. Bd2 Qa6 8. e6 Qxd3 9. exf7+ Kxf7 10. cxd3 Nd7 11. Nf3 Nh6 12. Nc3 Nf5 13. Ne2 e6 14. Ng5+ Kf6 15. O-O-O Bd6 16. f4 Rae8 17. Rde1 g6 18.
Bc3 Kg7 19. Kd2 b5 20. a3 Bc7 21. b4 Nf6 22. g3 Nxg3 23. Nxg3 Bxf4+ 24. Kc2 Bxg3 25. Nxe6+ Kf7 26. Ng5+ Kg7 27. Ne6+ Kf7 28. Ng5+ Kg7 29. Ref1 Re2+ 30. Bd2 Rhe8 31. Rh3 Be1 32.
Nf3 Bxd2 33. Nxd2 Rg2 34. Rhf3 Ree2 35. Rxf6 Rxd2+ 36. Kc1 Ra2 37. Kb1 Rgb2+ 38. Kc1 Rh2 39. Kb1 Rxa3 40. Rf7+ Kh6 41. Rf8 Rb3+ 42. Kc1 Rc3+ 43.
Kb1 Rxd3 44. Rg8 Rxd4 45. Rg1 Rxb4+ 46. Kc1 Rg4 47. Rf1 Rgxh4 48. Rg1 Rg4 49. Rf1 h4 50.
Rh8+ Kg5 51. Re8 Rhg2 52. Re5+ Kh6 53. Re8 Rg1 54. Rh8+ Kg5 0-1

[Event "*** SCC Grand Prix: Titled Tuesday Blitz"]
[Site "Chess.com"]
[Date "2020.10.06"]
[Round "1"]
[White "Sergienko_Sergey"]
[Black "grzechu96"]
[Result "0-1"]
[WhiteElo "2348"]
[BlackElo "2672"]
[TimeControl "180+1"]
[EndTime "10:07:58 PDT"]
[Termination "grzechu96 won by resignation"]

1. e4 c5 2. Nf3 a6 3. g3 b5 4. Bg2 Bb7 5. d3 e6 6. O-O d6 7. Nbd2 Nf6 8. Re1 Nbd7 9. c3 Be7 10. d4 O-O 11. e5 Nd5 12. Ne4 dxe5 13. dxe5 Qc7 14. Bg5 Bxg5 15. Nexg5 h6 16. Ne4 Rad8 17. Qc2 c4 18. h4 Ne7 19. Re2 Ng6 20. h5 Ngxe5 21.
Nxe5 Nxe5 22. f4 Nd3 23. Rf1 Rd7 24. Kh2 f5 25. Nd2 Bxg2 26. Rxg2 Re7 27. Nf3 e5 28. fxe5 Nxe5 29. Nxe5 Qxe5 30. Rf4 Ref7 31. Rgf2 Qe6 32.
Qd1 Qe7 33. Qf3 Qg5 34. Qe2 Kh8 35. Qf3 Rf6 36. Qe2 Kh7 37. Qf3 Kg8 38. Qe2 Kh8 39. Qf3 R6f7 40. Qe2 a5 41. Qf3 b4 42. cxb4 axb4 43. Qe2 c3 44. Rxb4 c2 45. Rc4 c1=Q 46.
Rxc1 Qxc1 0-1